Map: Zen LE

Players

antagomiR

  • Race: Protoss Protoss
  • League: Gold
  • Spawn Location: 1:00

JUANC - Winner!

  • Race: Protoss Protoss
  • League: Gold
  • Spawn Location: 7:00

VOD

Have the link to the VOD?

Description

Time

  • Played on: April 21, 2020, 1:02 a.m.
  • Length: 4:51
Show
View Real Time Build Order
Export as new Build Order

antagomiR Protoss 

Build Orders:  

Get SALT Encoding   

  12  0:01  Probe  
  13  0:13  Probe  
  14  0:20  Pylon  
  14  0:25  Probe  
  15  0:38  Probe (Chrono Boost)  
  15  0:39  Gateway  
  17  0:50  Probe (Chrono Boost)  
  17  0:52  Assimilator  
  17  0:57  Probe (Chrono Boost)  
  18  1:05  Probe  
  18  1:10  Assimilator  
  19  1:17  Probe  
  20  1:29  Probe  
  20  1:32  Cybernetics Core  
  21  1:41  Probe  
  21  1:42  Pylon  
  22  1:53  Probe  
  23  2:05  Probe  
  24  2:19  Probe  
  24  2:20  Warp Gate  
  24  2:24  Robotics Facility  
  24  2:32  Nexus  
  24  2:34  Probe  
  24  2:35  Adept (Chrono Boost)  
  27  2:46  Probe  
  27  2:49  Pylon  
  28  2:56  Adept  
  30  2:58  Probe  
  31  3:10  Probe  
  31  3:12  Observer  
  33  3:23  Probe  
  34  3:33  Immortal (Chrono Boost)  
  38  3:45  Probe x2  
  40  3:52  Twilight Council  
  40  3:57  Probe  
  41  4:05  Probe  
  41  4:07  Observer (Chrono Boost)  
  41  4:09  Probe  
  44  4:17  Probe  
  44  4:21  Probe  
  46  4:30  Probe  
  46  4:33  Probe  
Show
View Real Time Build Order
Export as new Build Order

JUANC Protoss - Winner!

Build Orders:  

Get SALT Encoding   

  12  0:01  Probe (Chrono Boost)  
  13  0:10  Probe (Chrono Boost)  
  14  0:17  Pylon  
  14  0:22  Probe  
  15  0:38  Gateway  
  15  0:39  Probe  
  16  0:51  Probe  
  16  0:55  Pylon  
  17  1:02  Assimilator  
  17  1:04  Probe  
  18  1:16  Probe  
  19  1:26  Cybernetics Core  
  21  1:32  Zealot  
  21  1:34  Probe  
  22  1:41  Gateway  
  22  1:46  Probe  
  23  1:49  Gateway  
  23  1:58  Probe  
  23  1:59  Assimilator  
  23  2:17  Warp Gate (Chrono Boost)  
  23  2:32  Robotics Facility  
  23  2:36  Probe  
  24  2:39  Zealot  
  24  2:40  Zealot  
  24  2:43  Adept  
  30  2:48  Probe  
  31  3:05  Gateway  
  31  3:07  Forge  
  31  3:19  Pylon  
  31  3:33  Adept  
  31  3:35  Immortal (Chrono Boost)  
  31  3:41  Pylon  
  35  4:05  Zealot  
  35  4:06  Zealot x2  
  39  4:43  Zealot x3  
  39  4:44  Zealot  
Tags
 
League
GoldGold
Matchup
PvP
Replay Pack
20200422
Spawn Locations
Cross Positions
Add a new tag
Caveats
  • Supply blocks, unpowered buildings, or Contaminate may cause inaccurate times.
  • Supply counts are checked every 10 seconds.